 Dungeon Crawl Stone Soup version 0.29.1-12-g30fa7ad0bf (webtiles) character file.

Game seed: 12562784027874371811

6764 112233 the Thaumaturge (level 10, -1/56 (58) HPs)
             Began as a Deep Elf Necromancer on Dec 18, 2022.
             Was a Follower of Vehumet.
             Killed from afar by a steam dragon (21 damage)
             ... with a ball of steam
             ... on level 9 of the Dungeon.
             The game lasted 00:15:44 (12953 turns).

112233 the Thaumaturge (Deep Elf Necromancer)      Turns: 12953, Time: 00:15:44

HP:   -1/56 (58)    AC:  5    Str: 11    XL:     10   Next: 75%
MP:   22/28         EV: 17    Int: 25    God:    Vehumet [*.....]
Gold: 380           SH:  4    Dex: 15    Spells: 15/34 levels left

rFire   . . .      SeeInvis .   g - +2 short sword (elec)
rCold   . . .      Faith    .   (no shield)
rNeg    . . .      Spirit   .   a - +0 robe
rPois   .          Reflect  .   o - +0 helmet
rElec   .          Harm     .   l - +0 cloak
rCorr   .          Rampage  .   i - +0 pair of gloves
Will    +....      Rage     3%  (no boots)
Stlth   ++........              (no amulet)
HPRegen 0.18/turn               s - ring of wizardry
MPRegen 0.21/turn               x - +6 ring of strength

@: lightly drained
A: large bone plates 1, berserk 1, wild magic 1
a: Renounce Religion


You were on level 9 of the Dungeon.
You worshipped Vehumet.
Vehumet was aware of your devotion.
You visited 2 branches of the dungeon, and saw 10 of its levels.
You also visited: Sewer.

You collected 699 gold pieces.
You spent 319 gold pieces at shops.

Inventory:

Hand Weapons
 g - a +2 short sword of electrocution (weapon)
 q - a +1 whip of electrocution
 v - a +0 dagger of venom
 z - a +1 vampiric dagger
Missiles
 b - 3 throwing nets
Armour
 a - a +0 robe (worn)
 i - a +0 pair of gloves (worn)
 l - a +0 cloak (worn)
 o - a +0 helmet (worn)
 y - a +0 buckler
Jewellery
 s - a ring of wizardry (left hand)
 w - a ring of fire
 x - a +6 ring of strength (right hand)
Wands
 f - a wand of mindburst (15)
 C - a wand of charming (9)
 E - a wand of roots (21)
Scrolls
 c - 6 scrolls of identify
 d - a scroll of immolation
 e - 2 scrolls of teleportation
 h - a scroll of magic mapping
 m - 4 scrolls of enchant weapon
 r - a scroll of butterflies
 A - 2 scrolls of blinking {unknown}
 B - a scroll of enchant armour
Potions
 j - a potion of degeneration
 k - 2 potions of flight
 n - a potion of magic
 p - a potion of curing
 t - a potion of might
 u - a potion of haste


   Skills:
 + Level 4.4 Fighting
 * Level 9.9 Dodging
 - Level 2.8 Stealth
 + Level 4.5 Shields
 * Level 12.7 Spellcasting
 * Level 2.0 Conjurations
 - Level 9.0 Necromancy
 - Level 2.8 Air Magic


You had 15 spell levels left.
You knew the following spells:

 Your Spells              Type           Power      Damage    Failure   Level
a - Foxfire               Conj/Fire      100%       2x1d9     1%          1
b - Vampiric Draining     Necr           68%        2d10      1%          3
c - Agony                 Necr           68%        N/A       1%          5
d - Animate Dead          Necr           68%        N/A       1%          4
e - Mephitic Cloud        Conj/Pois/Air  31%        N/A       3%          3
f - Necrotise             Necr           100%       1d9       1%          1
g - Static Discharge      Conj/Air       36%        3-8/arc   1%          2

Your spell library contained the following spells:

 Spells                   Type           Power      Damage    Failure   Level
 Shock                    Conj/Air       100%       1d9       1%          1
 Magic Dart               Conj           100%       1d8       1%          1
 Freeze                   Ice            80%        1d9       2%          1
 Call Imp                 Summ           20%        N/A       3%          2
 Conjure Flame            Conj/Fire      27%        6-21      4%          3
 Frozen Ramparts          Ice            40%        1d7       6%          3
 Gell's Gravitas          Tloc           20%        N/A       6%          3
 Inner Flame              Hex/Fire       20%        N/A       6%          3
 Lesser Beckoning         Tloc           20%        N/A       6%          3
 Teleport Other           Tloc           20%        N/A       6%          3
 Tukima's Dance           Hex            20%        N/A       6%          3
 Flame Wave               Conj/Fire      27%        2d9       13%         4
 Hailstorm                Conj/Ice       27%        3d7       13%         4
 Passage of Golubria      Tloc           20%        N/A       21%         4
 Lightning Bolt           Conj/Air       18%        1d32      21%         5
 Yara's Violent Unravell  Hex/Tmut       10%        3d6       45%         5
 Maxwell's Capacitive Co  Air            19%        ∞         100%        8


Dungeon Overview and Level Annotations

Branches:
Dungeon (9/15)             Temple (1/1) D:7            Lair (0/5) D:8
  Sewer (visited)
    Orc: D:9-12

Altars:
Ashenzari
Cheibriados
Dithmenos
Elyvilon
Fedhas
Gozag
Hepliaklqana
Kikubaaqudgha
Makhleb
Nemelex Xobeh
Okawaru
Qazlal
Ru
Sif Muna
Trog
Uskayaw
Vehumet
Wu Jian
Xom
Yredelemnul
Zin
The Shining One

Shops:
D:5 !   D:8 *

Annotations:
D:3 1 runed translucent door, Crazy Yiuf
D:4 exclusion: downstairs
D:5 3 runed translucent doors, exclusion: downstairs, ripuliukko's ghost, novice GrEE
D:6 exclusion: downstairs
D:7 2 transporters, ripuliukko's ghost, novice GrEE
D:9 Grum; Harold


Innate Abilities, Weirdness & Mutations

You are partially covered in large bone plates. (SH +4)
You sometimes lose your temper in combat.
Your spells are a little harder to cast, but a little more powerful.


Message History

The ball of steam hits you!
You hear a shout! x2
Your magical contamination has completely faded away.
Your Conjurations skill increases to level 2!
You are engulfed in a cloud of scalding steam.
* * * LOW HITPOINT WARNING * * *
The foxfire hits the steam dragon.
The steam dragon is lightly wounded.
You climb upwards.
There is a stone staircase leading down, spattered with blood here.
Unknown command.
Casting: Foxfire (safe; 1% risk of failure)
Confirm with . or Enter, or press ? or * to list all spells.
You conjure some foxfire!
The foxfire hits the wight but does no damage. x2
Unknown command.
Aiming: Charm
Press: ? - help, Shift-Dir - straight line, f - wight
Aim: a wight, wielding a +1 halberd of protection and wearing a +0 robe (chance to affect: 49%)
The wight resists with some effort.
Unknown command.
Aiming: Charm
Press: ? - help, Shift-Dir - straight line, f/p - wight
Aim: a wight, wielding a +1 halberd of protection and wearing a +0 robe (chance to affect: 49%)
The wight is charmed.
What are your orders? t - Shout!
Orders for allies: a - Attack new target. p - Attack previous target. r - Retreat! s - Stop attacking. g - Guard the area. f - Follow me.
Anything else - Cancel.
Guard this area!
You can't go down here!
There is a stone staircase leading down here.
You climb downwards.
Level annotation: Grum; Harold
There is a stone staircase leading up here.
The steam dragon breathes steam at you. The ball of steam hits you!!
You die...

#.....######....
####................o
.........#####......o
####........#.[......
###.###..#.......Do.
....####.....#......
........#.....#......
........#...<........
.........@§§..#.....
....$...##.#D##....
......)<.......#...
...............#
....#####.#....##
...##.....##....###
.. .)....##(...§.# .
#.......###..##
#........###..##


There were no monsters in sight!

Vanquished Creatures
  4 trolls
  Eustachio (D:6)
  3 wargs (D:6)
  2 water moccasins
  An acid dragon (D:5)
  2 orc warriors
  Pargi (Sewer)
  A sky beast (D:8)
  8 ogres
  3 centaurs
  3 wolves (D:8)
  2 phantoms (D:6)
  3 bullfrogs
  3 kobold brigands (D:6)
  A gnoll sergeant (D:6)
  3 necrophages
  A scorpion (D:7)
  5 wights
  5 killer bees (D:8)
  5 howler monkeys
  An electric eel (D:8)
  A bullfrog zombie (D:5)
  2 jellies
  5 orc priests
  14 hounds
  5 gnoll boudas
  2 iguanas
  7 orc wizards
  A hound zombie (D:5)
  Robin (D:3)
  9 adders
  23 gnolls
  A river rat (D:4)
  A white imp (D:6)
  2 worms
  3 dart slugs
  14 orcs
  9 ball pythons
  An endoplasm (D:3)
  4 giant cockroaches
  18 goblins
  9 hobgoblins
  6 kobolds
  4 quokkas
  11 bats
  3 frilled lizards
  3 rats
217 creatures vanquished.

Vanquished Creatures (collateral kills)
  2 ogres (D:6)
  A phantom (D:6)
  A gnoll sergeant (D:6)
  3 hounds (D:6)
  A jelly (D:6)
  A gnoll bouda (D:6)
  An orc priest (D:6)
  5 gnolls (D:6)
  An orc (D:6)
  A giant cockroach (D:3)
  A bat (Sewer)
  A rat (D:3)
19 creatures vanquished.

Vanquished Creatures (others)
  A warg zombie (D:6)
  3 ogre zombies (D:6)
  8 hound zombies (D:6)
  A howler monkey zombie (D:6)
  A jelly zombie (D:6)
  7 gnoll zombies (D:6)
  4 orc zombies (D:6)
  198 foxfires
  A plant (D:6)
224 creatures vanquished.

Grand Total: 460 creatures vanquished

Notes
Turn   | Place    | Note
-------+----------+-------------------------------------------
     0 | D:1      | 112233 the Deep Elf Necromancer began the quest for the
                  | Orb.
     0 | D:1      | Reached XP level 1. HP: 10/10 MP: 6/6
   378 | D:1      | Reached XP level 2. HP: 15/15 MP: 5/8
   506 | D:1      | Reached skill level 5 in Necromancy
  1056 | D:2      | Reached XP level 3. HP: 19/19 MP: 7/10
  1085 | D:2      | Reached skill level 4 in Spellcasting
  1353 | D:2      | Learned a level 3 spell: Vampiric Draining
  1532 | D:2      | Found a faded altar of an unknown god.
  1983 | D:3      | Reached XP level 4. HP: 24/24 MP: 8/12
  1983 | D:3      | Noticed Robin
  2003 | D:3      | Reached skill level 5 in Spellcasting
  2568 | D:3      | Reached XP level 5. HP: 22/28 MP: 10/15
  2681 | D:3      | Found a runed translucent door.
  2682 | D:3      | Noticed Crazy Yiuf
  2720 | D:3      | Reached skill level 6 in Spellcasting
  2735 | D:3      | Killed Robin
  3677 | D:4      | Found a glowing drain.
  3691 | D:4      | Reached XP level 6. HP: 32/32 MP: 9/17
  3700 | Sewer    | Entered a sewer
  3707 | Sewer    | Reached skill level 7 in Spellcasting
  3823 | Sewer    | Noticed Pargi
  3834 | Sewer    | Killed Pargi
  3909 | Sewer    | Learned a level 5 spell: Agony
  3914 | Sewer    | Learned a level 4 spell: Animate Dead
  4505 | D:5      | Entered Level 5 of the Dungeon
  4541 | D:5      | Found a runed translucent gate.
  4541 | D:5      | Found a runed translucent gate.
  4541 | D:5      | Found a runed translucent gate.
  4589 | D:5      | Found Zewkoe's Distillery.
  4661 | D:5      | Noticed ripuliukko's ghost (novice GrEE)
  4662 | D:5      | Noticed an ice beast
  4824 | D:5      | Noticed an acid dragon
  4834 | D:5      | Found a basalt altar of Yredelemnul.
  4838 | D:5      | Gained mutation: You sometimes lose your temper in combat.
                  | [potion of mutation]
  4838 | D:5      | Gained mutation: Your spells are a little harder to cast,
                  | but a little more powerful. [potion of mutation]
  4838 | D:5      | Gained mutation: You are partially covered in large bone
                  | plates. (SH +4) [potion of mutation]
  5169 | D:6      | Reached XP level 7. HP: 37/37 MP: 17/20
  5390 | D:5      | Reached skill level 8 in Spellcasting
  5629 | D:5      | Reached skill level 1 in Shields
  5822 | D:5      | Reached skill level 1 in Fighting
  6405 | D:6      | Found an ancient bone altar of Kikubaaqudgha.
  6963 | D:6      | Reached skill level 5 in Dodging
  6963 | D:6      | Reached XP level 8. HP: 44/44 MP: 7/22
  7061 | D:6      | Reached skill level 9 in Spellcasting
  7289 | D:6      | Reached skill level 10 in Spellcasting
  7312 | D:6      | Noticed a troll
  7326 | D:6      | Reached XP level 9. HP: 26/49 MP: 17/25
  7352 | D:6      | Killed a troll
  7781 | D:6      | Noticed Eustachio
  7807 | D:6      | Killed Eustachio
  8117 | D:6      | Reached skill level 11 in Spellcasting
  9683 | D:7      | Reached XP level 10. HP: 50/55 MP: 10/27
  9964 | D:7      | Found a staircase to the Ecumenical Temple.
  9978 | Temple   | Entered the Ecumenical Temple
 10071 | Temple   | Became a worshipper of Vehumet
 10158 | Temple   | Learned a level 3 spell: Mephitic Cloud
 10161 | Temple   | Learned a level 2 spell: Static Discharge
 10173 | Temple   | Learned a level 1 spell: Foxfire
 10317 | D:7      | Found a transporter.
 10352 | D:6      | Reached skill level 1 in Air Magic
 10372 | D:6      | HP: 2/56 [gnoll/+0 vorpal spear[a gnoll bouda] (1)]
 10811 | D:6      | Reached skill level 12 in Spellcasting
 11222 | D:7      | Found a hide-covered altar of Uskayaw.
 11223 | D:7      | Found a glowing golden altar of the Shining One.
 11224 | D:7      | Found a sacrificial altar of Ru.
 11224 | D:7      | Found an opulent altar of Gozag.
 11309 | D:7      | Found a transporter.
 11312 | D:7      | Noticed ripuliukko's ghost (novice GrEE)
 11713 | D:8      | Reached * piety under Vehumet
 11713 | D:8      | Offered knowledge of Shock by Vehumet.
 11980 | D:8      | Found Vaiptest's Assorted Antiques.
 12146 | D:8      | Bought a scroll of teleportation for 87 gold pieces
 12146 | D:8      | Bought a scroll of butterflies for 116 gold pieces
 12146 | D:8      | Bought a potion of might for 116 gold pieces
 12274 | D:8      | Found a staircase to the Lair.
 12391 | D:8      | Reached skill level 1 in Conjurations
 12563 | D:9      | Noticed Harold
 12568 | D:9      | Noticed Grum
 12953 | D:9      | Killed from afar by a steam dragon

Illustrated notes

Levels and vault maps discovered:
D:1:      amcnicky_arrival_single_pillar, layout_loops_ring, lemuel_flame_loot_1
D:2:      layout_loops_corners, basic_ecumenical_altar
D:3:      layout_rooms, uniq_crazy_yiuf_cottage, uniq_robin
D:4:      layout_cave_pods, portal_sewer_entry_a
D:5:      layout_gridville, lemuel_zombie_altar_yredelemnul, serial_shops,
          shop_coins, gammafunk_ghost_icy, bh_walls_and_bars
D:6:      lemuel_castle_with_subvaults [lemuel_castle_interior_carwin_1],
          layout_gridville, lemuel_crystal_altar, uniq_eustachio
D:7:      layout_cave_pools, chequers_temple_overflow_statue_of_worship,
          temple_pool_b, gammafunk_ghost_stat_death
D:8:      layout_basic, erik_lair_island, serial_shops, shop
D:9:      layout_rooms, hiddenorc1_lemuel, grunt_decor_fettered, minivault_24,
          minmay_ruined_shrine, uniq_harold, uniq_grum
Temple:   lightli_temple_of_artemis

Skill      XL: |  1  2  3  4  5  6  7  8  9 10 |
---------------+-------------------------------+-----
Necromancy     | 5 6 7 8 9 |  9.0
Spellcasting   | 4 5 6 7 8 10 11 12 | 12.7
Dodging        | 3 5 6 8 9 |  9.9
Shields        | 1 2 3 4 |  4.5
Fighting       | 1 2 3 4 |  4.4
Air Magic      | 2 |  2.8
Conjurations   | 2 |  2.0
Stealth        | |  2.8

Action                   |  1- 3 |  4- 6 |  7- 9 | 10-12 || total
-------------------------+-------+-------+-------+-------++-------
Melee: Unarmed           |     1 |       |       |       ||     1
       Whip              |       |     8 |    68 |    14 ||    90
       Short sword       |       |       |       |     1 ||     1
 Cast: Necrotise         |    66 |   134 |    79 |     5 ||   284
       Vampiric Draining |       |     6 |    94 |    59 ||   159
       Animate Dead      |       |       |     5 |     1 ||     6
       Foxfire           |       |       |       |   112 ||   112
Evoke: Wand              |       |     3 |       |     3 ||     6
  Use: Scroll            |       |     6 |     7 |     3 ||    16
       Potion            |       |     3 |     6 |     5 ||    14
 Stab: Distracted        |       |       |     1 |       ||     1
       Sleeping          |       |       |     1 |       ||     1
Armor: Robe              |     3 |    17 |    34 |    21 ||    75
       Skin              |       |       |       |    19 ||    19
Dodge: Dodged            |    20 |    35 |   136 |   105 ||   296
Block: Other             |       |       |    36 |    21 ||    57
